AoeStats
← THL

Arabia

509341882Analyzed
1v1 RM · 6d ago on Sep 26, 2026· 33m 42s· 2 players
Game mode
Random Map
Map size
Tiny (2 player)
Population
200
Speed
Normal
Resources
Standard
Victory
Conquest
Starting age
Dark Age
Ending age
Imperial Age
RankedLock teamsTeams togetherTeam positionsShared explorationLock speedFull tech treeHidden civsTurbo modeCheats
Victory
Defeat
🇳🇱 Saxons · Netherlands
1779
+17
🇻🇳 Tatars · Vietnam
1795
-17
Bestkeptsecret
6:20 Loom
8:54 Feudal Age
9:57 Double-Bit Axe
13:20 Gold Mining
18:57 Castle Age
18:04 Fletching
18:15 Padded Archer Armor
17:57 Horse Collar
19:34 Bodkin Arrow
19:00 Crossbowman
22:55 Leather Archer Armor
22:55 Bow Saw
22:46 Heavy Plow
23:13 Town Watch
29:19 Wheelbarrow
29:15 Stone Mining
32:22 Imperial Age
30:14 Scale Mail Armor
30:24 Forging
30:34 Gambesons
30:49 Squires
30:35 Arson
31:39 Leather Archer Armor
31:35 Guard Tower
32:02 Elite Skirmisher
33:03 Bracer
33:49 Hand Cart
34:29 Ring Archer Armor
THL
5:58 Loom
8:59 Feudal Age
10:00 Double-Bit Axe
20:21 Castle Age
18:44 Fletching
20:35 Padded Archer Armor
20:59 Bodkin Arrow
21:19 Padded Archer Armor
22:33 Elite Skirmisher
26:13 Ballistics
28:54 Bow Saw
30:54 Bloodlines
31:47 Leather Archer Armor
33:46 Gold Mining
34:32 Wheelbarrow
Connection lost

Rejoining the realm…

Still unreachable

The connection could not be restored.

Session expired

The server has moved on; the page needs a fresh start.